 Dungeon Crawl Stone Soup version 0.31.0-12-g77e489cdc1 (webtiles) character file.

Game seed: 6623017035875237833

9058 Gadfly the Covert (level 11, 0/56 HPs)
             Began as a Spriggan Enchanter on Feb 19, 2024.
             Was an Initiate of Gozag.
             Slain by a manticore (20 damage)
             ... on level 9 of the Dungeon.
             The game lasted 00:19:07 (11934 turns).

Gadfly the Covert (Spriggan Enchanter)             Turns: 11934, Time: 00:19:07

Health: 0/56       AC:  9    Str:  3    XL:     11   Next: 18%
Magic:  14/24      EV: 31    Int: 20    God:    Gozag
Gold:   611        SH:  0    Dex: 35    Spells: 21/26 levels left

rFire   + . .        a - +2 short sword (elec)
rCold   + . .        (no shield)
rNeg    . . .        L - +2 robe {rC+}
rPois   .            h - +2 hat of Poor Excuses {rF+ rCorr Int+3}
rElec   .            M - +2 cloak {Stlth+}
rCorr   +            (gloves unavailable)
SInv    +            (boots unavailable)
Will    +....        j - amulet of the acrobat
Stlth   +++++++      d - +6 ring of dexterity
HPRegen 0.29/turn    B - +6 ring of dexterity
MPRegen 0.19/turn

%: acrobat
@: lethally poisoned (0 -> -3), gold aura, very quick
A: very small, no large weapons, unfitting armour, see invisible, speed 3, agile
1, inability to drink after injury 2
a: Renounce Religion, Potion Petition, Call Merchant, Bribe Branch


You were on level 9 of the Dungeon.
You worshipped Gozag.
Gozag was pleased with you.
You visited 2 branches of the dungeon, and saw 10 of its levels.
You also visited: Sewer.

You collected 1296 gold pieces.
You spent 471 gold pieces at shops.
You paid 214 gold pieces to Gozag.

Inventory:

Hand Weapons
 a - a +2 short sword of electrocution (weapon)
 b - a +2 dagger of chaos
 E - a +2 antimagic dagger
 G - a +4 dagger
Missiles
 g - a throwing net
Armour
 h - the +2 hat of Poor Excuses (worn) {rF+ rCorr Int+3}
   (You acquired it on level 3 of the Dungeon)

   Int+3:     It affects your intelligence (+3).
   rF+:       It protects you from fire.
   rCorr:     It protects you from acid and corrosion.
 L - a +2 robe of cold resistance (worn)
 M - a +2 cloak of stealth (worn)
Jewellery
 d - a +6 ring of dexterity (left hand)
 j - an amulet of the acrobat (around neck)
 t - a ring of fire
 x - a ring of flight
 B - a +6 ring of dexterity (right hand)
Wands
 e - a wand of paralysis (17)
 n - a wand of flame (1)
 y - a wand of quicksilver (18)
Scrolls
 k - a scroll of fog
 l - 4 scrolls of teleportation
 p - 2 scrolls of enchant weapon
 u - 2 scrolls of enchant armour
 v - 2 scrolls of revelation
 w - a scroll of poison
 z - a scroll of amnesia
 C - a scroll of identify
 D - 2 scrolls of blinking
 H - a scroll of fear
 J - a scroll of vulnerability
Potions
 c - 2 potions of invisibility
 f - 4 potions of might
 i - 2 potions of attraction
 m - 4 potions of curing
 o - a potion of resistance {unknown}
 q - 3 potions of enlightenment
 r - a potion of cancellation
 s - 2 potions of haste
 F - 2 potions of lignification


   Skills:
 + Level 5.5 Fighting
 + Level 7.6 Short Blades
 + Level 9.0 Dodging
 + Level 11.0 Stealth
 + Level 8.3 Spellcasting
 + Level 8.7 Hexes
 + Level 8.4 Evocations


You had 21 spell levels left.
You knew the following spells:

 Your Spells              Type           Power      Damage    Failure   Level
a - Ensorcelled Hibernat  Hex/Ice        50%        N/A       1%          2
b - Confusing Touch       Hex            43%        N/A       1%          3

Your spell library contained the following spells:

 Spells                   Type           Power      Damage    Failure   Level
 Slow                     Hex            100%       N/A       1%          1
 Sigil of Binding         Hex            43%        N/A       1%          3
 Tukima's Dance           Hex            43%        N/A       1%          3
 Dazzling Flash           Conj/Hex       50%        N/A       4%          3
 Cigotuvi's Dreadful Rot  Necr/Alch/Air  16%        N/A       13%         2
 Hailstorm                Conj/Ice       8%         3d5       26%         3
 Summon Ice Beast         Ice/Summ       8%         N/A       26%         3
 Vampiric Draining        Necr           8%         2d6       26%         3
 Ignite Poison            Fire/Alch      8%         N/A       63%         4
 Vhi's Electric Charge    Tloc/Air       16%        N/A       63%         4
 Arcjolt                  Conj/Air       4%         1d14      93%         5
 Freezing Cloud           Conj/Ice/Air   4%         6-21      93%         5
 Plasma Beam              Fire/Air       4%         2x1d14    100%        6
 Sculpt Simulacrum        Ice/Alch       4%         N/A       100%        6


Dungeon Overview and Level Annotations

Branches:
Dungeon (9/15)             Temple (1/1) D:7           Sewer (visited)
   Lair: D:8-11         Orc: D:9-12

Altars:
Ashenzari
Cheibriados
Dithmenos
Elyvilon
Fedhas
Gozag
Hepliaklqana
Kikubaaqudgha
Makhleb
Nemelex Xobeh
Okawaru
Qazlal
Ru
Sif Muna
Trog
Uskayaw
Vehumet
Wu Jian
Xom
Yredelemnul
Zin
The Shining One

Shops:
D:3 *(!*:


Innate Abilities, Weirdness & Mutations

You are very small and have problems with some larger weapons.
You are too small for most types of armour.
You have supernaturally acute eyesight. (SInv)
You cover ground extremely quickly. (Speed+++)
You are agile. (Dex +4, Str/Int -1)
You sometimes lose the ability to drink potions when taking damage.


Message History

Autopickup disabled for rings of strength.
You drop a +6 ring of strength.
The hornet completely misses you.
Okay, then.
The hornet misses you. The hornet misses you.
The hornet looks drowsy...
The centaur warrior shouts!
The helpless hornet fails to defend itself.
You skewer the hornet like a kebab!!!!
You kill the hornet!
Your Dodging skill increases to level 9!
The centaur warrior wields a +0 shortbow.
The centaur warrior shoots an arrow.
The arrow completely misses you.
The centaur warrior resists with some effort.
The centaur warrior shoots an arrow.
The arrow completely misses you.
The centaur warrior shoots an arrow.
The arrow completely misses you.
A manticore comes into view.
The centaur warrior resists with some effort.
The centaur warrior unwields a +0 shortbow.
The centaur warrior wields the staff "Zeumib" {rPois rC+++ Alchemy}.
The centaur warrior hits you with the staff "Zeumib" {rPois rC+++ Alchemy}.
The centaur warrior completely misses you.
The centaur warrior misses you. The centaur warrior kicks you.
The manticore completely misses you. The manticore closely misses you.
The manticore misses you.
The centaur warrior resists with some effort.
The centaur warrior closely misses you. The centaur warrior kicks you.
The manticore bites you. The manticore completely misses you.
The manticore barely misses you.
The centaur warrior resists with some effort.
The centaur warrior hits you with the staff "Zeumib" {rPois rC+++ Alchemy}!
The centaur warrior envenoms you!
You are poisoned.
The centaur warrior completely misses you.
The centaur warrior hits you but does no damage.
The centaur warrior envenoms you.
You are more poisoned.
The centaur warrior misses you. The manticore bites you!!
You die...
Your body crumbles into a pile of gold.

########## #########
#........#
#..)....###.$..@c..#
#.###..)...=..##H..#
#.#:####...####.#..#
#.##...#####...##..#
#..#...........# ..#
#..#..#.....#..# ..#
#..##..#####..## y.#
##..#F #..# #.#
##...# #..# ..


You could see a centaur warrior and a manticore.

Vanquished Creatures
  A boulder beetle (D:9)
  A two-headed ogre (D:8)
  A deep elf pyromancer (D:9)
  2 trolls
  A hornet (D:9)
  Grinder (D:6)
  5 yaks (D:8)
  The ghost of Gadfly the Sneak, an amateur SpEn (D:5)
  A wraith (D:9)
  4 steam dragons (D:8)
  An acid dragon (D:8)
  3 water moccasins
  2 ice beasts
  2 orc warriors
  4 sky beasts (D:8)
  A hornet zombie (D:7)
  3 crocodiles (D:8)
  An ogre (D:6)
  A centaur (D:8)
  2 kobold brigands (D:9)
  8 bullfrogs
  2 brain worms (Sewer)
  A wyvern zombie (D:7)
  2 scorpions
  2 jellies (D:8)
  A water moccasin zombie (D:7)
  17 wights
  2 killer bees (D:7)
  2 electric eels (D:7)
  A howler monkey (D:5)
  A crimson imp (D:3)
  3 quasits (D:5)
  A bullfrog zombie (D:7)
  3 hounds
  2 bombardier beetles
  A gnoll bouda (D:6)
  6 orc priests
  Ijyb (D:3)
  3 iguanas
  2 sleepcaps
  11 orc wizards
  A killer bee zombie (D:8)
  A howler monkey zombie (D:7)
  13 adders
  7 gnolls
  A river rat (D:4)
  2 shadow imps
  A white imp (D:6)
  2 ufetubi (D:7)
  A dart slug (D:2)
  A ribbon worm (D:2)
  29 orcs
  14 endoplasms
  6 giant cockroaches
  4 goblins
  5 hobgoblins
  4 jackals (D:1)
  11 kobolds
  2 quokkas (D:1)
  17 ball pythons
  A bat (D:1)
  6 frilled lizards
  4 rats
243 creatures vanquished.

Vanquished Creatures (collateral kills)
  A rat (D:4)
1 creature vanquished.

Grand Total: 244 creatures vanquished

Notes
Turn   | Place    | Note
-------+----------+-------------------------------------------
     0 | D:1      | Gadfly the Spriggan Enchanter began the quest for the Orb.
     0 | D:1      | Reached XP level 1. HP: 9/9 MP: 5/5
   240 | D:1      | Reached XP level 2. HP: 13/13 MP: 6/6
   243 | D:1      | Learned a level 2 spell: Ensorcelled Hibernation
   734 | D:1      | You fall into a shaft and drop 1 floor!
   744 | D:2      | Reached XP level 3. HP: 17/17 MP: 5/8
   890 | D:2      | Reached skill level 1 in Evocations
  1371 | D:1      | Learned a level 3 spell: Confusing Touch
  1932 | D:2      | Reached skill level 1 in Fighting
  2251 | D:3      | Found a glowing silver altar of Zin.
  2251 | D:3      | Noticed an angel
  2323 | D:3      | Found Tujad's General Store.
  2368 | D:3      | Bought a scroll of fog for 40 gold pieces
  2368 | D:3      | Bought a scroll of teleportation for 30 gold pieces
  2416 | D:3      | Reached XP level 4. HP: 22/22 MP: 4/9
  2459 | D:3      | Found a faded altar of an unknown god.
  2481 | D:3      | Found Ysmizoj's Distillery.
  2489 | D:3      | Bought a potion of curing for 33 gold pieces
  2568 | D:3      | Found Toheez's Book Emporium.
  2644 | D:3      | Noticed Ijyb
  2651 | D:3      | Killed Ijyb
  2707 | D:3      | Found a burning altar of Makhleb.
  2708 | D:3      | Found a shimmering altar of Xom.
  2715 | D:3      | Reached skill level 5 in Stealth
  2842 | D:3      | Found Kiotwif's Antique Weapon Boutique.
  2859 | D:3      | Reached XP level 5. HP: 25/25 MP: 11/11
  3045 | D:3      | Found Quecsoinn's Assorted Antiques.
  3053 | D:3      | Bought a metallic grey potion for 24 gold pieces
  3193 | D:3      | Found a snail-covered altar of Cheibriados.
  3427 | D:3      | Bought a scroll labelled TIL MUAHUUCSU for 27 gold pieces
  3493 | D:4      | Found a glowing drain.
  3523 | Sewer    | Entered a sewer
  3637 | Sewer    | Reached XP level 6. HP: 24/30 MP: 3/12
  4317 | D:4      | Reached skill level 6 in Stealth
  4347 | D:4      | Reached XP level 7. HP: 35/35 MP: 14/14
  4405 | D:4      | Reached skill level 5 in Hexes
  4686 | D:5      | Entered Level 5 of the Dungeon
  4914 | D:5      | Noticed Gadfly's ghost (amateur SpEn)
  4928 | D:5      | Found a transporter.
  5011 | D:5      | Found a transporter.
  5027 | D:5      | Reached skill level 5 in Dodging
  5070 | D:5      | Reached XP level 8. HP: 39/39 MP: 16/16
  5102 | D:5      | Reached skill level 5 in Spellcasting
  5229 | D:5      | Identified the +8 whip "Olideuj" {venom, *Corrode rC++}
  5476 | D:5      | Reached skill level 7 in Stealth
  5591 | D:5      | Killed Gadfly's ghost
  5664 | D:6      | Gained mutation: You are clumsy. (Dex -2) [potion of
                  | mutation]
  5664 | D:6      | Gained mutation: Your spells are a little harder to cast,
                  | but a little more powerful. [potion of mutation]
  5664 | D:6      | Gained mutation: You are occasionally teleported next to
                  | monsters. [potion of mutation]
  5714 | D:6      | Noticed Grinder
  5731 | D:6      | Killed Grinder
  5955 | D:6      | Reached skill level 5 in Evocations
  6103 | D:6      | Reached skill level 5 in Short Blades
  6315 | D:6      | Reached skill level 8 in Stealth
  6432 | D:6      | Reached XP level 9. HP: 44/44 MP: 18/18
  6974 | D:7      | Found a white marble altar of Elyvilon.
  7690 | D:7      | Reached skill level 9 in Stealth
  8017 | D:7      | Found a hazy altar of Hepliaklqana.
  8261 | D:7      | Identified the +1 robe of Valiance {rN+ Regen+ Slay-3}
  8376 | D:7      | Found a staircase to the Ecumenical Temple.
  8621 | Temple   | Entered the Ecumenical Temple
  8790 | D:8      | Noticed a manticore
  8796 | D:8      | Noticed a manticore
  8796 | D:8      | Noticed a manticore
  8798 | D:8      | Noticed a tengu warrior
  8798 | D:8      | Noticed a cyan ugly thing
  8887 | D:8      | Found an opulent altar of Gozag.
  8892 | D:8      | Became a worshipper of Gozag Ym Sagoz the Greedy
  9037 | D:3      | Bought a potion of mutation for 88 gold pieces
  9040 | D:3      | Lost mutation: Your spells are a little harder to cast, but
                  | a little more powerful. [potion of mutation]
  9040 | D:3      | Lost mutation: You are clumsy. (Dex -2) [potion of
                  | mutation]
  9040 | D:3      | Lost mutation: You are occasionally teleported next to
                  | monsters. [potion of mutation]
  9040 | D:3      | Gained mutation: You are agile. (Dex +4, Str/Int -1)
                  | [potion of mutation]
  9040 | D:3      | Gained mutation: You occasionally lose the ability to drink
                  | potions when taking damage. [potion of mutation]
  9040 | D:3      | Gained mutation: You sometimes lose the ability to drink
                  | potions when taking damage. [potion of mutation]
  9485 | D:8      | Reached XP level 10. HP: 36/51 MP: 15/21
 10017 | D:8      | Reached skill level 10 in Stealth
 10111 | D:8      | Noticed a two-headed ogre
 10140 | D:8      | Killed a two-headed ogre
 10141 | D:8      | Reached skill level 5 in Fighting
 11330 | D:3      | Bought a scroll labelled YQUERAH NUCOY for 27 gold pieces
 11330 | D:3      | Bought an embroidered cloak for 202 gold pieces
 11380 | D:3      | Identified a scroll of acquirement
 11380 | D:3      | Acquired the +2 hat of Poor Excuses {rF+ rCorr Int+3}
 11769 | D:9      | Noticed a centaur warrior
 11774 | D:9      | Noticed a boulder beetle
 11810 | D:9      | Reached XP level 11. HP: 47/56 MP: 16/24
 11841 | D:9      | Killed a boulder beetle
 11863 | D:9      | Noticed a deep elf pyromancer
 11877 | D:9      | Killed a deep elf pyromancer
 11878 | D:9      | Reached skill level 11 in Stealth
 11925 | D:9      | Identified the staff "Zeumib" {rPois rC+++ Alchemy}
 11934 | D:9      | Slain by a manticore

Illustrated notes

Levels and vault maps discovered:
D:1:      amcnicky_arrival_wind_blow, layout_basic, minmay_tetromino_l4
D:2:      layout_basic, chequers_garden
D:3:      layout_basic, grunt_temple_overflow_champion_of_chaos,
          lemuel_coloured_pillars_altar, zin_angel,
          shapermc_ecumenical_altar_mp_ritualfount, serial_shops, shop,
          nicolae_shop_rolling_square, nicolae_shop_dealshenge, shop,
          nicolae_diamond_shop, uniq_ijyb
D:4:      layout_basic, portal_sewer_entry_b
D:5:      layout_basic, gammafunk_ghost_stat_death
D:6:      layout_gridville, uniq_grinder
D:7:      layout_loops_ring, kennysheep_mini,
          mainiacjoe_overflow_small_starburst, temple_doors_ab, serial_undead,
          serial_undead_a, serial_undead_a, serial_undead_f, serial_undead_d,
          chequers_big_river
D:8:      regret_index_malice_mire, layout_basic, mainiacjoe_overflow_24_doors,
          onia_ninara_dug_in_and_dangerous
D:9:      minmay_recursive_quarters, layout_rooms, minmay_pinched_square
Temple:   minmay_freezing_vapour_temple

Skill      XL: |  1  2  3  4  5  6  7  8  9 10 11 |
---------------+----------------------------------+-----
Dodging        | 3 4 5 6 7 8 9 |  9.0
Spellcasting   | 3 4 5 7 8 |  8.3
Evocations     | 1 2 3 4 5 6 8 |  8.4
Fighting       | 1 2 3 4 5 |  5.5
Short Blades   | 2 3 4 5 6 7 |  7.6
Hexes          | 4 5 6 7 8 |  8.7
Stealth        | 5 6 8 9 10 11 | 11.0

Action                     |  1- 3 |  4- 6 |  7- 9 | 10-12 || total
---------------------------+-------+-------+-------+-------++-------
  Melee: Dagger            |   117 |   112 |       |     3 ||   232
         Punch             |       |     2 |     5 |     1 ||     8
         Short sword       |       |    17 |   332 |   139 ||   488
   Cast: Ensorcelled Hiber |    27 |    23 |    42 |    42 ||   134
         Confusing Touch   |       |       |    13 |     4 ||    17
  Evoke: Wand              |       |       |    12 |       ||    12
    Use: Scroll            |     6 |     5 |       |     5 ||    16
         Potion            |       |     1 |     4 |       ||     5
   Stab: Sleeping          |    31 |    17 |    34 |    25 ||   107
         Confused          |       |     1 |    11 |     4 ||    16
         Distracted        |       |     1 |     2 |     4 ||     7
 Armour: Robe              |    37 |    29 |    96 |    34 ||   196
  Dodge: Dodged            |    82 |    84 |   372 |   131 ||   669
